 Dungeon Crawl Stone Soup version 0.27.0-1-g7a089689b8 (webtiles) character file.

Game seed: 4774583633027772347

24931 Revguard the Dealer of Despair (level 12, -5/92 HPs)
             Began as a Demonspawn Gladiator on Aug 2, 2021.
             Was an Elder of Kikubaaqudgha.
             Slain by a guardian serpent (shapeshifter) (11 damage)
             ... summoned by an orange crystal statue
             ... in a Gauntlet.
             The game lasted 01:03:47 (17222 turns).

Revguard the Dealer of Despair (DsGl)              Turns: 17222, Time: 01:03:48

Health: -5/92      AC: 12    Str: 14      XL:     12   Next: 85%
Magic:  1/25       EV: 17    Int: 21 (22) God:    Kikubaaqudgha [****..]
Gold:   897        SH:  0    Dex: 17      Spells: 11/29 levels left

rFire    + . .     SeeInvis .   d - +3 dagger (speed)
rCold    + . .     Faith    .   (no shield)
rNeg     + . .     Spirit   .   h - +3 ring mail {rN+}
rPois    +         Reflect  .   (helmet restricted)
rElec    +         Harm     .   n - +0 cloak "Qoetreep" {Slay+3}
rCorr    +         Rampage  .   p - +0 pair of fencer's gloves {Riposte Dex+3}
Will     .....     NoTele   +   (no boots)
Stlth    +++.......             i - amulet of magic regeneration
HPRegen  0.25/turn              e - ring of resist corrosion
MPRegen  0.44/turn              l - +6 ring of intelligence

@: resistant, on berserk cooldown, slowed, very slow
A: antennae 2, repulsion field 2, ignite blood 2, demonic magic 1, screaming 1
a: Renounce Religion, Receive Corpses


You were in a Gauntlet.
You worshipped Kikubaaqudgha.
Kikubaaqudgha was greatly pleased with you.
You visited 2 branches of the dungeon, and saw 14 of its levels.
You also visited: Gauntlet.

You collected 897 gold pieces.

Inventory:

Hand Weapons
 a - a +1 vampiric rapier
 d - a +3 dagger of speed (weapon)
Missiles
 o - 3 throwing nets
Armour
 h - a +3 ring mail of positive energy (worn)
 n - the +0 cloak "Qoetreep" (worn) {Slay+3}
   (You found it on level 4 of the Dungeon)

   Slay:      It affects your accuracy & damage with ranged weapons and melee
   (+3).
 p - the +0 pair of fencer's gloves (worn) {Riposte Dex+3}
   (You found it on level 6 of the Dungeon)

   It allows the wearer to riposte with any weapon, or to riposte more often
   with a long blade, swiftly retaliating against a missed attack.
   Dex:       It affects your dexterity (+3).
Jewellery
 e - a ring of resist corrosion (left hand)
 i - an amulet of magic regeneration (around neck)
 l - a +6 ring of intelligence (right hand)
 u - a +6 ring of strength
 B - an amulet of guardian spirit
 C - the ring of Usemufir {rElec rF+ rC+ Int-5 SInv}
   (You found it in a Gauntlet)

   [ring of protection from cold]

   Int:       It affects your intelligence (-5).
   rF:        It protects you from fire.
   rC:        It protects you from cold.
   rElec:     It insulates you from electricity.
   SInv:      It lets you see invisible.
Wands
 t - a wand of flame (12)
 w - a wand of acid (6)
 A - a wand of iceblast (21)
 E - a wand of paralysis (12)
Scrolls
 b - 10 scrolls of identify
 m - 2 scrolls of summoning
 r - 3 scrolls of enchant armour
 s - 2 scrolls of immolation
 y - a scroll of fog
 G - a scroll of enchant weapon
Potions
 c - a potion of haste
 g - 2 potions of flight
 j - 2 potions of brilliance
 q - a potion of lignification
 D - a potion of might
Miscellaneous
 v - a lightning rod (4/4)


   Skills:
 + Level 8.1 Fighting
 + Level 7.7 Short Blades
 - Level 1.7 Throwing
 + Level 7.1 Armour
 + Level 7.8 Dodging
 + Level 7.8 Stealth
 + Level 9.2 Spellcasting
 * Level 9.6 Necromancy


You had 11 spell levels left.
You knew the following spells:

 Your Spells              Type           Power      Damage    Failure   Level
a - Sublimation of Blood  Necr           25%        N/A       1%          2
c - Vampiric Draining     Necr           25%        2d9       1%          3
d - Animate Dead          Necr           25%        N/A       2%          4
e - Dispel Undead         Necr           50%        3d19      2%          4
f - Excruciating Wounds   Necr           25%        N/A       7%          5

Your spell library contained the following spells:

 Spells                   Type           Power      Damage    Failure   Level
 Animate Skeleton         Necr           100%       N/A       1%          1
 Pain                     Necr           100%       1d9       1%          1
 Agony                    Necr           50%        N/A       7%          5
 Sting                    Tmut/Pois      36%        1d4       13%         1
 Ensorcelled Hibernation  Hex/Ice        18%        N/A       21%         2
 Poisonous Vapours        Pois/Air       18%        N/A       21%         2
 Call Canine Familiar     Summ           9%         N/A       36%         3
 Gell's Gravitas          Tloc           4%         N/A       36%         3
 Ozocubu's Armour         Ice            9%         N/A       36%         3
 Portal Projectile        Hex/Tloc       18%        N/A       36%         3
 Spider Form              Tmut/Pois      4%         N/A       36%         3
 Teleport Other           Tloc           9%         N/A       36%         3
 Death Channel            Necr           25%        N/A       36%         6
 Leda's Liquefaction      Hex/Erth       4%         N/A       78%         4
 Olgreb's Toxic Radiance  Pois           9%         N/A       78%         4
 Petrify                  Tmut/Erth      9%         N/A       78%         4
 Irradiate                Conj/Tmut      4%         3d15      98%         5
 Metabolic Englaciation   Hex/Ice        4%         N/A       98%         5
 Dispersal                Tloc           4%         N/A       100%        6
 Shadow Creatures         Summ           N/A        N/A       100%        6
 Statue Form              Tmut/Erth      6%         N/A       100%        6
 Ozocubu's Refrigeration  Ice            4%         4d5       100%        7


Dungeon Overview and Level Annotations

Branches:
Dungeon (13/15)            Temple (1/1) D:5            Lair (0/6) D:10
    Orc (0/2) D:10         Vaults (0/5) D:13        Gauntlet (1/1)

Altars:
Ashenzari
Cheibriados
Dithmenos
Elyvilon
Fedhas
Hepliaklqana
Kikubaaqudgha
Makhleb
Nemelex Xobeh
Okawaru
Qazlal
Ru
Sif Muna
Trog
Uskayaw
Vehumet
Wu Jian
Xom
Yredelemnul
Zin
The Shining One
Beogh

Shops:
D:3 *

Annotations:
D:4 1 runed translucent door Gauntlet 9 transporters, exclusions: ice statue and orange crystal statue


Innate Abilities, Weirdness & Mutations

You have a pair of antennae on your head.
You are surrounded by a moderate repulsion field. (EV +3)
Your demonic aura often causes spilled blood to erupt in flames.
Spells you cast may paralyse adjacent enemies.
You occasionally shout uncontrollably at your foes.


Message History

* * * LOW HITPOINT WARNING * * *
The wyvern simulacrum freezes you. You resist.
* * * LOW HITPOINT WARNING * * *
Unknown command.
Casting: Vampiric Draining (safe; 1% risk of failure)
Confirm with . or Enter, or press ? or * to list all spells.
Aiming: Vampiric Draining (safe; 1% risk of failure)
Press: ? - help, Shift-Dir - straight line, f/p - guardian serpent
Aim: a guardian serpent (flame, summoned, not susceptible)
The guardian serpent is unaffected.
Malevolent energies surge around you.
The wyvern simulacrum suddenly stops moving!
The guardian serpent is engulfed in blazing flames.
The guardian serpent closely misses you.
The orange crystal statue glitters.
You are confused.
The guardian serpent is engulfed in blazing flames.
The guardian serpent hits you!
* * * LOW HITPOINT WARNING * * *
The orange crystal statue fixes its piercing gaze on you.
You feel your power leaking away.
The guardian serpent is engulfed in blazing flames.
The guardian serpent hits you.
* * * LOW HITPOINT WARNING * * *
Okay, then.
You are too confused!
You feel better.
The wyvern simulacrum is no longer paralysed.
The wyvern simulacrum closely misses you.
The guardian serpent is engulfed in blazing flames.
The guardian serpent hits you!
* * * LOW HITPOINT WARNING * * *
The wyvern simulacrum closely misses you.
You riposte.
You puncture the wyvern simulacrum!
The wyvern simulacrum is heavily damaged.
The orange crystal statue fixes its piercing gaze on you.
Something tries to feed on your intellect!
The guardian serpent is engulfed in blazing flames.
The guardian serpent hits you!
You die...
Kikubaaqudgha rasps: "You have failed me!
Welcome... death!"

#8##≈§§............
######################
#≈............≈∩≈.....
#.....................
###..###########...#####
#8#..#!(#.©.#$[#...#hh.!
###..##..#8#..##...#y###
#..#Z#S.#.P#§#...#.#h.
###..#.@#{.P#..#...#...#
#8#..##P☼#§#.P##...#.###
###..#.#..#.P#.#...#.#hh
#..#..#P©P#..#...#hh.#
###..#...#P#...#...#.#^#
#8#..#....#....#...#....
###..###########..§#####
#.....#.©.#....§......
###...8.#...#...≈8≈.....


You could see an orange crystal statue, a guardian serpent (summoned) and a
wyvern simulacrum (summoned).

Vanquished Creatures
  2 hydras (D:12)
  A boulder beetle (D:11)
  An ogre mage (D:13)
  6 two-headed ogres
  Urug (D:13)
  2 deep elf pyromancers
  An orc knight (D:13)
  2 manticores (D:12)
  Maurice (D:8)
  Psyche (D:8)
  Maggie (D:10)
  A gargoyle (D:10)
  2 komodo dragons (D:12)
  6 trolls
  A merfolk (D:8)
  3 meliai (Gauntlet)
  Prince Ribbit (D:8)
  Grinder (D:3)
  A shadow (D:9)
  Sigmund (D:6)
  Eustachio (D:6)
  6 yaks (D:10)
  A wraith (D:12)
  A hog (D:8)
  A steam dragon (D:9)
  7 vampire mosquitoes
  The ghost of mokwee the Stinger, an amateur OpVM (D:4)
  2 wargs
  An acid dragon (D:11)
  A sky beast (D:5)
  4 ice beasts
  14 black bears (D:8)
  8 orc warriors
  A hornet zombie (D:3)
  An ogre (D:6)
  6 centaurs
  3 kobold brigands
  9 bullfrogs
  3 gnoll sergeants
  A wyvern zombie (D:6)
  4 scorpions
  A water moccasin zombie (D:6)
  A wyvern skeleton (D:7)
  12 killer bees
  4 wights (D:10)
  9 electric eels (D:8)
  7 howler monkeys
  6 centaur zombies
  5 hounds
  12 orc priests
  2 gnoll shamans (D:8)
  Jessica (D:3)
  5 iguanas
  6 orc wizards
  A howler monkey zombie (D:8)
  10 gnolls
  A howler monkey skeleton (D:5)
  9 adders
  3 white imps
  2 ufetubi
  4 worms
  3 dart slugs (D:1)
  23 orcs
  5 ball pythons
  3 bats (D:3)
  5 endoplasms
  6 giant cockroaches
  3 hobgoblins
  8 jackals
  4 quokkas
  7 frilled lizards
  5 goblins
  15 kobolds
  5 rats
305 creatures vanquished.

Vanquished Creatures (collateral kills)
  An orc (D:13)
1 creature vanquished.

Vanquished Creatures (others)
  An adder (D:5)
  An orc (D:4)
  8 fungi (Gauntlet)
  79 plants
89 creatures vanquished.

Grand Total: 395 creatures vanquished

Notes
Turn   | Place    | Note
-------+----------+-------------------------------------------
     0 | D:1      | Revguard the Demonspawn Gladiator began the quest for the
                  | Orb.
     0 | D:1      | Reached XP level 1. HP: 16/16 MP: 1/1
    57 | D:1      | Gained mutation: Spells you cast may paralyse adjacent
                  | enemies. [demonic ancestry]
    57 | D:1      | Reached XP level 2. HP: 8/22 MP: 2/2
   495 | D:1      | Reached skill level 1 in Spellcasting
   850 | D:1      | You fall into a shaft and drop 1 floor!
   946 | D:2      | Gained mutation: Your demonic aura sometimes causes spilled
                  | blood to erupt in flames. [demonic ancestry]
   946 | D:2      | Reached XP level 3. HP: 22/27 MP: 4/4
  2358 | D:3      | Reached skill level 1 in Armour
  2358 | D:3      | Reached skill level 1 in Stealth
  2358 | D:3      | Gained mutation: You have a pair of small antennae on your
                  | head. [demonic ancestry]
  2358 | D:3      | Reached XP level 4. HP: 29/34 MP: 6/6
  2494 | D:3      | Noticed Jessica
  2505 | D:3      | Killed Jessica
  2690 | D:3      | Gained mutation: You have a pair of antennae on your head.
                  | [demonic ancestry]
  2690 | D:3      | Reached XP level 5. HP: 33/39 MP: 8/8
  2711 | D:3      | Noticed Grinder
  2724 | D:3      | Paralysed by Grinder for 3 turns
  2727 | D:3      | Killed Grinder
  2728 | D:3      | Gained mutation: You are surrounded by a mild repulsion
                  | field. (EV +2) [demonic ancestry]
  2728 | D:3      | Reached XP level 6. HP: 24/47 MP: 8/10
  3324 | D:3      | Found Heschiaxu's General Store.
  4232 | D:4      | Found a burning altar of Makhleb.
  4248 | D:4      | Reached XP level 7. HP: 48/52 MP: 10/12
  5122 | D:4      | Found a runed translucent door.
  5196 | D:4      | Learned a level 2 spell: Sublimation of Blood
  5205 | D:4      | Found a runed translucent door.
  5213 | D:4      | Noticed mokwee's ghost (amateur OpVM)
  5235 | D:4      | Learned a level 1 spell: Pain
  5257 | D:4      | Identified the +0 cloak "Qoetreep" {Slay+3}
  5706 | D:4      | Killed mokwee's ghost
  5863 | D:5      | Entered Level 5 of the Dungeon
  6003 | D:5      | Reached skill level 1 in Necromancy
  6056 | D:5      | Reached XP level 8. HP: 43/60 MP: 9/14
  6408 | D:5      | Found a staircase to the Ecumenical Temple.
  6419 | Temple   | Entered the Ecumenical Temple
  6617 | Temple   | Became a worshipper of Kikubaaqudgha
  7038 | D:6      | Reached skill level 5 in Spellcasting
  7087 | D:6      | Noticed Eustachio
  7124 | D:6      | Killed Eustachio
  7417 | D:6      | Reached XP level 9. HP: 65/66 MP: 15/17
  7481 | D:6      | Learned a level 3 spell: Vampiric Draining
  7907 | D:6      | Noticed Sigmund
  7913 | D:6      | Killed Sigmund
  8048 | D:6      | Found the +0 pair of fencer's gloves {Riposte Dex+3}
  8344 | D:6      | Found an iron altar of Okawaru.
  8526 | D:6      | Reached skill level 5 in Short Blades
  8620 | D:6      | Reached * piety under Kikubaaqudgha
  8620 | D:6      | Received a gift from Kikubaaqudgha
  8809 | D:6      | Found a sparkling altar of Nemelex Xobeh.
  8881 | D:7      | Found a shimmering blue altar of Sif Muna.
  8893 | D:7      | Reached skill level 5 in Dodging
  8905 | D:7      | Reached skill level 5 in Fighting
  9053 | D:7      | You fall into a shaft and drop 1 floor!
  9061 | D:8      | Found a shimmering altar of Xom.
  9072 | D:8      | Noticed Prince Ribbit
  9512 | D:8      | Reached ** piety under Kikubaaqudgha
  9648 | D:8      | Gained mutation: Your demonic aura often causes spilled
                  | blood to erupt in flames. [demonic ancestry]
  9648 | D:8      | Reached XP level 10. HP: 74/74 MP: 11/20
  9737 | D:8      | Noticed Maurice
  9742 | D:8      | Reached skill level 5 in Stealth
  9750 | D:8      | Killed Maurice
 10058 | D:8      | Noticed Psyche
 10084 | D:8      | Killed Psyche
 10221 | D:8      | Gained mutation: You have large cloven feet. [potion of
                  | mutation]
 10221 | D:8      | Gained mutation: You have hoof-like feet. [potion of
                  | mutation]
 10221 | D:8      | Gained mutation: You expend magic power (3 MP) to
                  | strengthen your wands. [potion of mutation]
 10253 | D:8      | Reached skill level 5 in Necromancy
 10277 | D:8      | Reached skill level 5 in Armour
 10284 | D:8      | Noticed a two-headed ogre
 10336 | D:8      | Killed a two-headed ogre
 10405 | D:8      | Lost mutation: You have hoof-like feet. [potion of
                  | mutation]
 10405 | D:8      | Lost mutation: You have large cloven feet. [potion of
                  | mutation]
 10405 | D:8      | Lost mutation: You expend magic power (3 MP) to strengthen
                  | your wands. [potion of mutation]
 10405 | D:8      | Gained mutation: You are dopey. (Int -2) [potion of
                  | mutation]
 10405 | D:8      | Gained mutation: You are robust. (+10% HP) [potion of
                  | mutation]
 10405 | D:8      | Lost mutation: You are dopey. (Int -2) [potion of mutation]
 10630 | D:8      | Killed Prince Ribbit
 11147 | D:8      | Reached XP level 11. HP: 79/89 MP: 17/23
 11384 | D:8      | Reached *** piety under Kikubaaqudgha
 11384 | D:8      | Received a gift from Kikubaaqudgha
 11394 | D:8      | Learned a level 4 spell: Animate Dead
 11399 | D:8      | Learned a level 4 spell: Dispel Undead
 11405 | D:8      | Learned a level 5 spell: Excruciating Wounds
 12572 | D:9      | Found a blossoming altar of Fedhas.
 12670 | D:10     | Entered Level 10 of the Dungeon
 12680 | D:10     | Found a staircase to the Orcish Mines.
 12736 | D:10     | Noticed Maggie
 12744 | D:10     | Killed Maggie
 12964 | D:10     | Found a staircase to the Lair.
 13478 | D:10     | Found a snail-covered altar of Cheibriados.
 13533 | D:10     | Found a radiant altar of Vehumet.
 13573 | D:10     | Noticed a deep elf pyromancer
 13827 | D:10     | Killed a deep elf pyromancer
 14022 | D:11     | Reached **** piety under Kikubaaqudgha
 14425 | D:11     | Noticed a boulder beetle
 14434 | D:11     | Killed a boulder beetle
 14764 | D:11     | Gained mutation: You are surrounded by a moderate repulsion
                  | field. (EV +3) [demonic ancestry]
 14764 | D:11     | Reached XP level 12. HP: 100/100 MP: 19/24
 15090 | D:12     | Noticed a two-headed ogre
 15095 | D:12     | Killed a two-headed ogre
 15124 | D:12     | Noticed a two-headed ogre
 15133 | D:12     | Killed a two-headed ogre
 15348 | D:12     | Noticed a five-headed hydra
 15352 | D:12     | Noticed a four-headed hydra
 15356 | D:12     | Killed a five-headed hydra
 15361 | D:12     | Killed a four-headed hydra
 15695 | D:13     | Noticed a two-headed ogre
 15704 | D:13     | Killed a two-headed ogre
 15711 | D:13     | Noticed a two-headed ogre
 15712 | D:13     | Found a gate to the Vaults.
 15712 | D:13     | Noticed a two-headed ogre
 15717 | D:13     | Noticed an ogre mage
 15730 | D:12     | Killed a two-headed ogre
 15981 | D:13     | Killed an ogre mage
 15982 | D:13     | Killed a two-headed ogre
 15992 | D:13     | Noticed Urug
 16003 | D:13     | Killed Urug
 16013 | D:13     | Found a gate leading to a gauntlet.
 16024 | Gauntlet | Entered a Gauntlet
 16024 | Gauntlet | Found a transporter.
 16024 | Gauntlet | Found a transporter.
 16024 | Gauntlet | Found a transporter.
 16435 | Gauntlet | Found a transporter.
 16450 | Gauntlet | Found a transporter.
 16460 | Gauntlet | Found a transporter.
 16470 | Gauntlet | Found a transporter.
 16485 | Gauntlet | Found a transporter.
 16491 | Gauntlet | Found a transporter.
 16505 | Gauntlet | Found a transporter.
 16510 | Gauntlet | Found a transporter.
 16514 | Gauntlet | Found a transporter.
 16747 | Gauntlet | Identified the ring of Usemufir {rElec rF+ rC+ Int-5 SInv}
 17157 | Gauntlet | Noticed a catoblepas
 17196 | Gauntlet | Lost mutation: You are robust. (+10% HP) [potion of
                  | mutation]
 17196 | Gauntlet | Gained mutation: You occasionally shout uncontrollably at
                  | your foes. [potion of mutation]
 17222 | Gauntlet | Slain by a guardian serpent (shapeshifter)

Illustrated notes

Levels and vault maps discovered:
D:1:      kennysheep_arrival_forest, layout_rooms,
          hellmonk_ecumenical_altar_defaced_shrine, minmay_misc_feat_chi,
          kennysheep_pointless_box, minmay_crystal_room
D:2:      layout_loops_ring, nrook_loot_triangle
D:3:      layout_loops_ring, serial_shops, nicolae_shop_waterfront,
          serial_forest, infiniplex_forest_lined_2,
          infiniplex_forest_clump_curved, infiniplex_forest_end_3,
          infiniplex_forest_clump_double, infiniplex_forest_corner_1,
          infiniplex_forest_lined_4_way, infiniplex_forest_lined_2,
          uniq_jessica, uniq_grinder
D:4:      layout_basic, bloody_makhleb, ebering_ghost_sewer_f
D:5:      layout_basic, temple_green
D:6:      layout_layer_cave, kennysheep_mini_moat, marbit_many_paths,
          uniq_sigmund, uniq_eustachio
D:7:      layout_basic, mainiacjoe_overflow_tiny_flanked, uniq_joseph
D:8:      kennysheep_town, uniq_psyche, uniq_prince_ribbit1, uniq_maurice
D:9:      layout_loops_ring, mainiacjoe_overflow_alcove_2, corexii_checkpoint_a
D:10:     layout_loops_ring, mainiacjoe_overflow_large_starburst,
          lair_entry_dummy, david_orc_3, enter_bailey_8, uniq_maggie
D:11:     layout_irregular_city
D:12:     layout_stronghold
D:13:     layout_cross, david_vaults_2, gauntlet_entry_generic, chequers_jeans,
          tgw_sif, uniq_frances, uniq_urug
Temple:   regret_index_temple_generic_petals
Gauntlet: gammafunk_gauntlet_shortcut [nicolae_gauntlet_arena_flowing_pool,
          gammafunk_gauntlet_arena_arrow_garden, nicolae_gauntlet_arena_x,
          gammafunk_gauntlet_arena_chambers, gammafunk_gauntlet_arena_hedges,
          nicolae_gauntlet_arena_grate_2, gauntlet_exit_hidden_loot]

Skill      XL: |  1  2  3  4  5  6  7  8  9 10 11 12 |
---------------+-------------------------------------+-----
Spellcasting   | 1 2 3 4 5 6 8 9 |  9.2
Short Blades   | 3 4 5 6 7 |  7.7
Dodging        | 3 4 5 6 7 |  7.8
Armour         | 1 2 3 4 5 6 7 |  7.1
Stealth        | 1 2 3 4 5 6 7 |  7.8
Fighting       | 3 4 5 6 7 8 |  8.1
Necromancy     | 1 2 4 5 7 9 |  9.6
Throwing       | |  1.7

Action                   |  1- 3 |  4- 6 |  7- 9 | 10-12 || total
-------------------------+-------+-------+-------+-------++-------
Melee: Rapier            |   133 |   175 |    25 |       ||   333
       Dagger            |       |       |   291 |   312 ||   603
       Kick              |       |       |       |     2 ||     2
Throw: Throwing net      |     4 |     2 |       |       ||     6
 Cast: Pain              |       |       |    42 |     5 ||    47
       Vampiric Draining |       |       |    27 |   152 ||   179
       Sublimation of Bl |       |       |       |    16 ||    16
       Animate Dead      |       |       |       |     7 ||     7
       Dispel Undead     |       |       |       |     5 ||     5
Evoke: Wand              |       |       |       |     4 ||     4
  Use: Scroll            |     6 |     4 |     7 |     8 ||    25
       Potion            |       |     1 |     2 |    17 ||    20
 Stab: Held in net/web   |     1 |     1 |       |       ||     2
       Sleeping          |       |     3 |     4 |     7 ||    14
       Paralysed         |       |       |    44 |    79 ||   123
Armor: Leather armour    |    10 |       |       |       ||    10
       Ring mail         |    40 |    74 |   107 |   140 ||   361
Dodge: Dodged            |    82 |   157 |   189 |   305 ||   733
       Rpst.: Dagger     |       |       |    13 |    67 ||    80
